SA
GRIM REAPERS @ NIAGARA FALLS EXPOS
09/05/2030
 
TOP OF THE 1ST
Grim Reapers batting - Pitching for Niagara Falls Expos : RHP Derek Patton
Pitching: RHP Derek Patton
Batting: RHB Askari bin Idris 0-0: Ball
1-0: Ball
2-0: Called Strike
2-1: Ball
3-1: Ground out U3 (Groundball, 34)
Batting: RHB Caleb Ogle 0-0: Ball
1-0: Fly out, F9 (Flyball, 9LS)
Batting: RHB Milos Jaksch 0-0: Foul Ball, location: 2F
0-1: SINGLE (Line Drive, 4D)
Batting: RHB Colby King 0-0: Called Strike
0-1: Swinging Strike
0-2: Strikes out swinging
Top of the 1st over - 0 runs, 1 hit, 0 errors, 1 left on base; Grim 0 - Niagara Falls 0
BOTTOM OF THE 1ST
Niagara Falls Expos batting - Pitching for Grim Reapers : RHP António Fernández
Pitching: RHP António Fernández
Batting: RHB Francisco Valentín 0-0: Called Strike
0-1: Called Strike
0-2: Ball
1-2: Strikes out swinging
Batting: RHB David Austin 0-0: Foul Ball, location: 2F
0-1: Foul Ball, location: 2F
0-2: Ball
1-2: Ball
2-2: Foul Ball, location: 2F
2-2: Strikes out swinging
Batting: RHB Domingo Altamiraño 0-0: Ball
1-0: Swinging Strike
1-1: Ball
2-1: Ball
3-1: Swinging Strike
3-2: Strikes out swinging
Bottom of the 1st over - 0 runs, 0 hits, 0 errors, 0 left on base; Grim 0 - Niagara Falls 0
TOP OF THE 2ND
Grim Reapers batting - Pitching for Niagara Falls Expos : RHP Derek Patton
Batting: LHB Glen Allen Mixon 0-0: Ball
1-0: Foul Ball, location: 2F
1-1: Fly out, F2 (Popup, 23F)
Batting: RHB Bartolo Hernández 0-0: Foul Ball, location: 2F
0-1: Foul Ball, location: 2F
0-2: Ball
1-2: Reached via error on a dropped throw, E3
Batting: RHB Huai-yi Yang 0-0: Swinging Strike
0-1: Ball
1-1: Ball
2-1: Foul Ball, location: 2F
2-2: Strikes out swinging
Batting: SHB Fernando Rincón 0-0: SINGLE (Groundball, 4MD)
Bartolo Hernández to second
Batting: RHB Joe Rodgers 0-0: Called Strike
0-1: Foul Ball, location: 2F
0-2: Ball
1-2: Strikes out swinging
Top of the 2nd over - 0 runs, 1 hit, 1 error, 2 left on base; Grim 0 - Niagara Falls 0
BOTTOM OF THE 2ND
Niagara Falls Expos batting - Pitching for Grim Reapers : RHP António Fernández
Batting: RHB Jesús Herrera 0-0: Called Strike
0-1: Fly out, F7 (Flyball, 78S)
Batting: RHB Min-tae Yi 0-0: Called Strike
0-1: Ball
1-1: Ground out 5-3 (Groundball, 56S)
Batting: RHB Bobson Dugnutt 0-0: Fly out, F2 (Popup, 23F)
Bottom of the 2nd over - 0 runs, 0 hits, 0 errors, 0 left on base; Grim 0 - Niagara Falls 0
TOP OF THE 3RD
Grim Reapers batting - Pitching for Niagara Falls Expos : RHP Derek Patton
Batting: RHB Askari bin Idris 0-0: Called Strike
0-1: Ball
1-1: Called Strike
1-2: Strikes out swinging
Batting: RHB Caleb Ogle 0-0: Called Strike
0-1: Ball
1-1: Ball
2-1: Foul Ball, location: 2F
2-2: Ball
3-2: Foul Ball, location: 2F
3-2: Foul Ball, location: 2F
3-2: Foul Ball, location: 2F
3-2: Strikes out swinging, 2-3 out at first.
Batting: RHB Milos Jaksch 0-0: Fly out, F7 (Flyball, 78M)
Top of the 3rd over - 0 runs, 0 hits, 0 errors, 0 left on base; Grim 0 - Niagara Falls 0
BOTTOM OF THE 3RD
Niagara Falls Expos batting - Pitching for Grim Reapers : RHP António Fernández
Batting: RHB Chi-ju Goei 0-0: Fly out, F7 (Flyball, 7LSF)
Batting: LHB Sébastien Cornu 0-0: Swinging Strike
0-1: Fly out, F7 (Flyball, 7)
Batting: RHB Hyun-soo Sim 0-0: Ball
1-0: Foul Ball, location: 2F
1-1: Ball
2-1: Ground out 6-3 (Groundball, 6)
Bottom of the 3rd over - 0 runs, 0 hits, 0 errors, 0 left on base; Grim 0 - Niagara Falls 0
TOP OF THE 4TH
Grim Reapers batting - Pitching for Niagara Falls Expos : RHP Derek Patton
Batting: RHB Colby King 0-0: Ball
1-0: Ground out 3-1 (Groundball, 34)
Batting: LHB Glen Allen Mixon 0-0: Ball
1-0: Ground out 5-3 (Groundball, 56S)
Batting: RHB Bartolo Hernández 0-0: Ground out 5-3 (Groundball, 5L)
Top of the 4th over - 0 runs, 0 hits, 0 errors, 0 left on base; Grim 0 - Niagara Falls 0
BOTTOM OF THE 4TH
Niagara Falls Expos batting - Pitching for Grim Reapers : RHP António Fernández
Batting: RHB Francisco Valentín 0-0: Ground out 6-3 (Groundball, 6)
Batting: RHB David Austin 0-0: Ball
1-0: Ball
2-0: Fly out, F8 (Flyball, 89M)
Batting: RHB Domingo Altamiraño 0-0: Called Strike
0-1: Ball
1-1: Swinging Strike
1-2: Foul Ball, location: 2F
1-2: Ball
2-2: Foul Ball, location: 2F
2-2: Strikes out looking
Bottom of the 4th over - 0 runs, 0 hits, 0 errors, 0 left on base; Grim 0 - Niagara Falls 0
TOP OF THE 5TH
Grim Reapers batting - Pitching for Niagara Falls Expos : RHP Derek Patton
Batting: RHB Huai-yi Yang 0-0: Fly out, F9 (Flyball, 9LMF)
Batting: SHB Fernando Rincón 0-0: Called Strike
0-1: Foul Ball, location: 2F
0-2: Ball
1-2: Strikes out swinging
Batting: RHB Joe Rodgers 0-0: Called Strike
0-1: Ball
1-1: Called Strike
1-2: Foul Ball, location: 2F
1-2: Strikes out looking
Top of the 5th over - 0 runs, 0 hits, 0 errors, 0 left on base; Grim 0 - Niagara Falls 0
BOTTOM OF THE 5TH
Niagara Falls Expos batting - Pitching for Grim Reapers : RHP António Fernández
Batting: RHB Jesús Herrera 0-0: Ball
1-0: Called Strike
1-1: Foul Ball, location: 2F
1-2: Ball
2-2: Fly out, F8 (Line Drive, 78D)
Batting: RHB Min-tae Yi 0-0: Called Strike
0-1: Ball
1-1: Called Strike
1-2: Ball
2-2: Foul Ball, location: 2F
2-2: Foul Ball, location: 2F
2-2: Foul Ball, location: 2F
2-2: TRIPLE (Line Drive, 9D)
Batting: RHB Bobson Dugnutt 0-0: Ground out 5-3 (Groundball, 56)
Min-tae Yi scores
Batting: RHB Chi-ju Goei 0-0: Ball
1-0: Ball
2-0: Foul Ball, location: 2F
2-1: Foul Ball, location: 2F
2-2: Strikes out swinging
Bottom of the 5th over - 1 run, 1 hit, 0 errors, 0 left on base; Grim 0 - Niagara Falls 1
TOP OF THE 6TH
Grim Reapers batting - Pitching for Niagara Falls Expos : RHP Derek Patton
Batting: RHB Askari bin Idris 0-0: Ball
1-0: Called Strike
1-1: Called Strike
1-2: Foul Ball, location: 2F
1-2: Ball
2-2: Strikes out swinging
Batting: RHB Caleb Ogle 0-0: SINGLE (Groundball, 6MD)
Batting: RHB Milos Jaksch Pickoff Throw to First - Out!
0-0: Ball
1-0: Fly out, F9 (Line Drive, 89M)
Top of the 6th over - 0 runs, 1 hit, 0 errors, 0 left on base; Grim 0 - Niagara Falls 1
BOTTOM OF THE 6TH
Niagara Falls Expos batting - Pitching for Grim Reapers : RHP António Fernández
Batting: LHB Sébastien Cornu 0-0: Fly out, F2 (Popup, 2R)
Batting: RHB Hyun-soo Sim 0-0: Swinging Strike
0-1: Ball
1-1: Swinging Strike
1-2: Strikes out swinging
Batting: RHB Francisco Valentín 0-0: Ball
1-0: Called Strike
1-1: Ground out 5-3 (Groundball, 56)
Bottom of the 6th over - 0 runs, 0 hits, 0 errors, 0 left on base; Grim 0 - Niagara Falls 1
TOP OF THE 7TH
Grim Reapers batting - Pitching for Niagara Falls Expos : RHP Derek Patton
Batting: RHB Colby King 0-0: Hit by Pitch
Batting: LHB Glen Allen Mixon 0-0: Called Strike
0-1: Ball
1-1: Foul Ball, location: 2F
1-2: Ball
2-2: DOUBLE (Line Drive, 9LM)
Colby King to third
Batting: RHB Bartolo Hernández 0-0: Foul Ball, location: 2F
0-1: Swinging Strike
0-2: SINGLE (Line Drive, 8LS)
Colby King scores
Glen Allen Mixon to third
Batting: RHB Huai-yi Yang 0-0: Foul Ball, location: 2F
0-1: SINGLE (Groundball, 34D)
Glen Allen Mixon scores
Bartolo Hernández to second
Runner from 2nd tries for 3rd, OUT!
Huai-yi Yang to second
Batting: SHB Fernando Rincón 0-0: Intentional Walk
Pinch Hitting: RHB Mason Congdon 0-0: Called Strike
0-1: SINGLE (Groundball, 6MD)
Huai-yi Yang to third
Fernando Rincón to second
Runner from 3rd tries for Home, SAFE, throw made home
Fernando Rincón to third
Mason Congdon to second
Batting: RHB Askari bin Idris 0-0: Intentional Walk
Pinch Hitting: LHB Kei-thing Zhang 0-0: Called Strike
0-1: Swinging Strike
0-2: Ball
1-2: Ball
2-2: DOUBLE (Line Drive, 9LM)
Fernando Rincón scores
Mason Congdon scores
Askari bin Idris to third
Runner from 3rd tries for Home, SAFE, no throw
Pitching: RHP Víctor Trujillo
Batting: RHB Milos Jaksch 0-0: SINGLE (Line Drive, 7S)
Kei-thing Zhang to third
Batting: RHB Colby King 0-0: Ball
1-0: Ball
2-0: Called Strike
2-1: Ball
3-1: Base on Balls
Milos Jaksch to second
Batting: LHB Glen Allen Mixon 0-0: SINGLE (Line Drive, 34)
Kei-thing Zhang scores
Milos Jaksch to third
Colby King to second
Runner from 3rd tries for Home, SAFE, no throw
Batting: RHB Bartolo Hernández 0-0: Ball
1-0: Called Strike
1-1: Ball
2-1: Foul Ball, location: 2F
2-2: Ball
3-2: Strikes out swinging
Batting: RHB Huai-yi Yang 0-0: Foul Ball, location: 2F
0-1: Swinging Strike
0-2: Fly out, F7 (Flyball, 7)
Top of the 7th over - 8 runs, 7 hits, 0 errors, 2 left on base; Grim 8 - Niagara Falls 1
BOTTOM OF THE 7TH
Niagara Falls Expos batting - Pitching for Grim Reapers : RHP António Fernández
Now at 1B: Kei-thing Zhang
Now at 2B: Dolla Head
Batting: RHB David Austin 0-0: Fly out, F7 (Flyball, 78M)
Batting: RHB Domingo Altamiraño 0-0: Called Strike
0-1: Ball
1-1: Foul Ball, location: 2F
1-2: Foul Ball, location: 2F
1-2: SOLO HOME RUN (Flyball, 78D), Distance : 411 ft
Batting: RHB Jesús Herrera 0-0: Ball
1-0: Foul Ball, location: 2F
1-1: Hit by Pitch
Pitching: RHP Chang-soo Yi
Batting: RHB Min-tae Yi 0-0: Ball
1-0: Foul Ball, location: 2F
1-1: Ball
2-1: Grounds into double play, 5-4-3 (Groundball, 56)
Bottom of the 7th over - 1 run, 1 hit, 0 errors, 0 left on base; Grim 8 - Niagara Falls 2
TOP OF THE 8TH
Grim Reapers batting - Pitching for Niagara Falls Expos : RHP Víctor Trujillo
Batting: SHB Fernando Rincón 0-0: Ball
1-0: Ball
2-0: Fly out, F9 (Flyball, 8RS)
Batting: RHB Dolla Head 0-0: Called Strike
0-1: Ball
1-1: Foul Ball, location: 2F
1-2: Ball
2-2: Strikes out swinging, 2-3 out at first.
Batting: RHB Askari bin Idris 0-0: Swinging Strike
0-1: Called Strike
0-2: Foul Ball, location: 2F
0-2: Ball
1-2: Strikes out swinging
Top of the 8th over - 0 runs, 0 hits, 0 errors, 0 left on base; Grim 8 - Niagara Falls 2
BOTTOM OF THE 8TH
Niagara Falls Expos batting - Pitching for Grim Reapers : RHP Chang-soo Yi
Batting: RHB Bobson Dugnutt 0-0: DOUBLE (Line Drive, 89D)
Batting: RHB Chi-ju Goei 0-0: Ball
1-0: Fly out, F4 (Popup, 34)
Batting: LHB Sébastien Cornu 0-0: Called Strike
0-1: Ball
1-1: Ground out U3 (Groundball, 3)
Bobson Dugnutt to third
Batting: RHB Hyun-soo Sim 0-0: Fly out, F7 (Flyball, 78M)
Bottom of the 8th over - 0 runs, 1 hit, 0 errors, 1 left on base; Grim 8 - Niagara Falls 2
TOP OF THE 9TH
Grim Reapers batting - Pitching for Niagara Falls Expos : RHP Víctor Trujillo
Batting: LHB Kei-thing Zhang 0-0: Fly out, F3 (Line Drive, 3S)
Batting: RHB Milos Jaksch 0-0: Ball
1-0: Ball
2-0: Ball
3-0: Called Strike
3-1: Foul Ball, location: 2F
3-2: Foul Ball, location: 2F
3-2: Foul Ball, location: 2F
3-2: SINGLE (Line Drive, 6D)
Batting: RHB Colby King 0-0: Ball
1-0: Ground out 5-3 (Groundball, 56S)
Milos Jaksch to second
Batting: LHB Glen Allen Mixon 0-0: Ball
1-0: Fly out, F5 (Popup, 6S)
Top of the 9th over - 0 runs, 1 hit, 0 errors, 1 left on base; Grim 8 - Niagara Falls 2
BOTTOM OF THE 9TH
Niagara Falls Expos batting - Pitching for Grim Reapers : RHP Chang-soo Yi
Batting: RHB Francisco Valentín 0-0: Swinging Strike
0-1: Foul Ball, location: 2F
0-2: Strikes out swinging
Batting: RHB David Austin 0-0: Ball
1-0: Swinging Strike
1-1: Ball
2-1: Ground out 5-3 (Groundball, 56S)
Batting: RHB Domingo Altamiraño 0-0: Called Strike
0-1: Ball
1-1: SINGLE (Groundball, 6MD)
Pitching: LHP Bae Yun
Batting: RHB Jesús Herrera 0-0: Foul Ball, location: 2F
0-1: Ball
1-1: Ground out 6-3 (Groundball, 6S)
Bottom of the 9th over - 0 runs, 1 hit, 0 errors, 1 left on base; Grim 8 - Niagara Falls 2
Sunday, March 18th, 2018 - OOTP Baseball 18.8 Build 76